 Dungeon Crawl Stone Soup version 0.22-a0-136-g83a10e5 (webtiles) character file.

182 zeke the Shield-Bearer (level 5, -4/47 HPs)
             Began as a Minotaur Fighter on Feb 3, 2018.
             Slain by an ogre
             ... wielding a +0 giant club
              (19 damage)
             ... on level 4 of the Dungeon.
             The game lasted 00:04:59 (3223 turns).

zeke the Shield-Bearer (Minotaur Fighter)           Turns: 3223, Time: 00:05:01

Health: -4/47      AC: 10    Str: 21    XL:     5   Next: 34%
Magic:  4/4        EV:  8    Int:  5    God:
Gold:   178        SH:  9    Dex: 10    Spells: 4/4 levels left

rFire    . . .     SeeInvis .   a - +0 war axe
rCold    . . .     Gourm    .   c - +0 shield
rNeg     . . .     Faith    .   b - +0 scale mail
rPois    .         Spirit   .   (helmet restricted)
rElec    .         Reflect  .   (no cloak)
rCorr    .         Harm     .   (no gloves)
MR       +....                  o - +2 pair of boots
Stlth    ..........             (no amulet)
HPRegen  0.15/turn              j - ring of protection from magic
MPRegen  0.09/turn              (no ring)

@: starving
A: retaliatory headbutt, horns 2
a: no special abilities


You were on level 4 of the Dungeon.
You were starving.

You visited 1 branch of the dungeon, and saw 4 of its levels.

You collected 178 gold pieces.

Inventory:

Hand Weapons
 a - a +0 war axe (weapon)
Armour
 b - a +0 scale mail (worn)
 c - a +0 shield (worn)
 o - a +2 pair of boots (worn)
Jewellery
 j - a ring of protection from magic (left hand)
Scrolls
 e - 2 scrolls of identify {unknown}
 g - a scroll of enchant weapon {unknown}
 k - a scroll of teleportation {unknown}
 p - a scroll of immolation {unknown}
 q - a scroll of magic mapping {unknown}
Potions
 d - 2 potions of might
 h - a potion of curing
 i - a potion of lignification {unknown}
 l - a potion of agility {unknown}
 m - a potion of mutation {unknown}
 n - 2 potions of berserk rage {unknown}
 r - 2 potions of heal wounds {unknown}
Comestibles
 f - 3 rations


   Skills:
 + Level 4.4 Fighting
 + Level 4.3 Axes
 + Level 4.4 Armour
 + Level 0.6 Dodging
 + Level 0.7 Stealth
 + Level 4.8 Shields


You had 4 spell levels left.
You didn't know any spells.

Dungeon Overview and Level Annotations

Branches:
Dungeon (4/15)
 Temple: D:4-7

Altars:
Gozag
Zin


Innate Abilities, Weirdness & Mutations

You reflexively headbutt those who attack you in melee.
You have a pair of horns on your head.


Message History

You slash the giant cockroach!
You kill the giant cockroach!
The ogre hits you with a giant club!
You slash the ogre! You headbutt the ogre.
The ogre is heavily wounded.
You barely miss the quokka. You block the ogre's attack. The quokka bites you.
* * * LOW HITPOINT WARNING * * *
You hit the ogre. Your headbutt misses the ogre.
The ogre is severely wounded.
You barely miss the quokka. You block the quokka's attack.
The ogre completely misses you.
The quokka bites you but does no damage.
Unknown command.
Your shield and scale mail prevent you from hitting the ogre.
You headbutt the ogre.
The ogre is almost dead.
You barely miss the quokka.
The quokka bites you but does no damage.
The ogre hits you with a giant club!!
You die...

.#....# #......## ##
#.......## #.#
#........#
#.##........# #
#.#......#.#.#
##.......#.#.##.##
##.<..#.#.#........
#..........@r......
#.#..........O.##(##
#....#.##.######
.........##.#
###.#######.# #. #.#
#. #.# #.. #.#


You could see an ogre and a quokka.

Vanquished Creatures
  Terence (D:2)
  A gnoll (D:1)
  5 adders
  A worm (D:2)
  2 dart slugs (D:1)
  2 leopard geckos (D:1)
  2 ball pythons
  9 bats
  4 giant cockroaches
  20 goblins
  12 hobgoblins
  4 jackals (D:3)
  A quokka (D:3)
  4 frilled lizards
  8 kobolds
  7 rats
83 creatures vanquished.

Notes
Turn   | Place    | Note
-------+----------+-------------------------------------------
     0 | D:1      | zeke the Minotaur Fighter began the quest for the Orb.
     0 | D:1      | Reached XP level 1. HP: 19/19 MP: 0/0
   139 | D:1      | Reached XP level 2. HP: 25/27 MP: 1/1
   363 | D:1      | Reached XP level 3. HP: 33/33 MP: 2/2
   948 | D:2      | Reached XP level 4. HP: 40/40 MP: 3/3
  1810 | D:2      | Noticed Terence
  1814 | D:2      | Killed Terence
  1814 | D:2      | Reached XP level 5. HP: 46/47 MP: 4/4
  2280 | D:3      | Found a glowing silver altar of Zin.
  2280 | D:3      | Found an opulent altar of Gozag.
  3215 | D:4      | Noticed an ogre
  3223 | D:4      | Slain by an ogre

Vault maps used:
D:1:      arrival_zaba_pyramid, columned_hall_lemuel
D:2:      cheibrodos_greedy_goblins, first_ration, lightli_corner_chamber,
          uniq_terence
D:3:      grunt_temple_overflow_gold_and_silver, grunt_ministairs_15
D:4:      vehumet_statue, marbit_many_paths, kennysheep_mini

Skill      XL: |  1  2  3  4 |
---------------+-------------+-----
Fighting       | 4 |  4.4
Shields        | 4 |  4.8
Armour         | 4 |  4.4
Axes           | 3 4 |  4.3
Dodging        | |  0.6
Stealth        | |  0.7

Action                   |  1- 3 |  4- 6 || total
-------------------------+-------+-------++-------
Melee: War axe           |    77 |    96 ||   173
       Headbutt          |    12 |    17 ||    29
  Eat: Chunk             |       |     5 ||     5
Armor: Scale mail        |    47 |    42 ||    89
Dodge: Dodged            |    27 |    37 ||    64
Block: Shield            |    45 |    53 ||    98

Table legend:
 A = Spawn XP
 B = Non-spawn XP
 C = Spawn XP percentage of total XP
 D = Spawn monster count
 E = Non-spawn monster count
 F = Spawn count percentage of total count
 G = Total turns spent on level
                    A         B        C        D         E        F      G
               +---------+---------+-------+---------+---------+-------+---------
         Total |       0 |     260 |   0.0 |       0 |      83 |   0.0 |  3223
               +---------+---------+-------+---------+---------+-------+---------
           D:1 |       0 |      81 |   0.0 |       0 |      34 |   0.0 |  1019
           D:2 |       0 |     122 |   0.0 |       0 |      30 |   0.0 |  1080
           D:3 |       0 |      55 |   0.0 |       0 |      18 |   0.0 |  1101
           D:4 |       0 |       2 |   0.0 |       0 |       1 |   0.0 |    23
               +---------+---------+-------+---------+---------+-------+---------
